%YAML 1.1
%TAG !u! tag:unity3d.com,2011:
--- !u!1 &7605540960154483712
GameObject:
  m_ObjectHideFlags: 0
  m_CorrespondingSourceObject: {fileID: 0}
  m_PrefabInstance: {fileID: 0}
  m_PrefabAsset: {fileID: 0}
  serializedVersion: 6
  m_Component:
  - component: {fileID: 7605540960154903008}
  - component: {fileID: 7605540960151478282}
  - component: {fileID: 7605540960152478666}
  m_Layer: 0
  m_Name: Mercedes-Benz E250 CGI.001
  m_TagString: Untagged
  m_Icon: {fileID: 0}
  m_NavMeshLayer: 0
  m_StaticEditorFlags: 0
  m_IsActive: 1
--- !u!4 &7605540960154903008
Transform:
  m_ObjectHideFlags: 0
  m_CorrespondingSourceObject: {fileID: 0}
  m_PrefabInstance: {fileID: 0}
  m_PrefabAsset: {fileID: 0}
  m_GameObject: {fileID: 7605540960154483712}
  m_LocalRotation: {x: 0.000000015454313, y: -0.70710677, z: 0.000000015454312, w: 0.7071068}
  m_LocalPosition: {x: 5.2946386, y: 1.139723, z: -16.787828}
  m_LocalScale: {x: 4.646807, y: 4.646807, z: 4.646807}
  m_Children:
  - {fileID: 7605540960154902610}
  - {fileID: 7605540960154902612}
  - {fileID: 7605540960154902614}
  - {fileID: 7605540960154902600}
  m_Father: {fileID: 0}
  m_RootOrder: 0
  m_LocalEulerAnglesHint: {x: 0, y: 0, z: 0}
--- !u!33 &7605540960151478282
MeshFilter:
  m_ObjectHideFlags: 0
  m_CorrespondingSourceObject: {fileID: 0}
  m_PrefabInstance: {fileID: 0}
  m_PrefabAsset: {fileID: 0}
  m_GameObject: {fileID: 7605540960154483712}
  m_Mesh: {fileID: 4300186, guid: baed7ab38358ab24a9a2fb93fb3fee7b, type: 3}
--- !u!23 &7605540960152478666
MeshRenderer:
  m_ObjectHideFlags: 0
  m_CorrespondingSourceObject: {fileID: 0}
  m_PrefabInstance: {fileID: 0}
  m_PrefabAsset: {fileID: 0}
  m_GameObject: {fileID: 7605540960154483712}
  m_Enabled: 1
  m_CastShadows: 1
  m_ReceiveShadows: 1
  m_DynamicOccludee: 1
  m_MotionVectors: 1
  m_LightProbeUsage: 1
  m_ReflectionProbeUsage: 1
  m_RayTracingMode: 2
  m_RenderingLayerMask: 1
  m_RendererPriority: 0
  m_Materials:
  - {fileID: 2100178, guid: baed7ab38358ab24a9a2fb93fb3fee7b, type: 3}
  - {fileID: 2100180, guid: baed7ab38358ab24a9a2fb93fb3fee7b, type: 3}
  - {fileID: 2100182, guid: baed7ab38358ab24a9a2fb93fb3fee7b, type: 3}
  - {fileID: 2100184, guid: baed7ab38358ab24a9a2fb93fb3fee7b, type: 3}
  - {fileID: 2100186, guid: baed7ab38358ab24a9a2fb93fb3fee7b, type: 3}
  - {fileID: 2100188, guid: baed7ab38358ab24a9a2fb93fb3fee7b, type: 3}
  - {fileID: 2100190, guid: baed7ab38358ab24a9a2fb93fb3fee7b, type: 3}
  - {fileID: 2100192, guid: baed7ab38358ab24a9a2fb93fb3fee7b, type: 3}
  - {fileID: 2100194, guid: baed7ab38358ab24a9a2fb93fb3fee7b, type: 3}
  - {fileID: 2100196, guid: baed7ab38358ab24a9a2fb93fb3fee7b, type: 3}
  - {fileID: 2100198, guid: baed7ab38358ab24a9a2fb93fb3fee7b, type: 3}
  - {fileID: 2100200, guid: baed7ab38358ab24a9a2fb93fb3fee7b, type: 3}
  - {fileID: 2100202, guid: baed7ab38358ab24a9a2fb93fb3fee7b, type: 3}
  - {fileID: 2100204, guid: baed7ab38358ab24a9a2fb93fb3fee7b, type: 3}
  - {fileID: 2100206, guid: baed7ab38358ab24a9a2fb93fb3fee7b, type: 3}
  - {fileID: 2100208, guid: baed7ab38358ab24a9a2fb93fb3fee7b, type: 3}
  - {fileID: 2100210, guid: baed7ab38358ab24a9a2fb93fb3fee7b, type: 3}
  - {fileID: 2100212, guid: baed7ab38358ab24a9a2fb93fb3fee7b, type: 3}
  - {fileID: 2100214, guid: baed7ab38358ab24a9a2fb93fb3fee7b, type: 3}
  - {fileID: 2100216, guid: baed7ab38358ab24a9a2fb93fb3fee7b, type: 3}
  - {fileID: 2100218, guid: baed7ab38358ab24a9a2fb93fb3fee7b, type: 3}
  m_StaticBatchInfo:
    firstSubMesh: 0
    subMeshCount: 0
  m_StaticBatchRoot: {fileID: 0}
  m_ProbeAnchor: {fileID: 0}
  m_LightProbeVolumeOverride: {fileID: 0}
  m_ScaleInLightmap: 1
  m_ReceiveGI: 1
  m_PreserveUVs: 0
  m_IgnoreNormalsForChartDetection: 0
  m_ImportantGI: 0
  m_StitchLightmapSeams: 0
  m_SelectedEditorRenderState: 3
  m_MinimumChartSize: 4
  m_AutoUVMaxDistance: 0.5
  m_AutoUVMaxAngle: 89
  m_LightmapParameters: {fileID: 0}
  m_SortingLayerID: 0
  m_SortingLayer: 0
  m_SortingOrder: 0
--- !u!1 &7605540960154483816
GameObject:
  m_ObjectHideFlags: 0
  m_CorrespondingSourceObject: {fileID: 0}
  m_PrefabInstance: {fileID: 0}
  m_PrefabAsset: {fileID: 0}
  serializedVersion: 6
  m_Component:
  - component: {fileID: 7605540960154902600}
  - component: {fileID: 7605540960151478398}
  - component: {fileID: 7605540960152478270}
  m_Layer: 0
  m_Name: Sphere.022
  m_TagString: Untagged
  m_Icon: {fileID: 0}
  m_NavMeshLayer: 0
  m_StaticEditorFlags: 0
  m_IsActive: 1
--- !u!4 &7605540960154902600
Transform:
  m_ObjectHideFlags: 0
  m_CorrespondingSourceObject: {fileID: 0}
  m_PrefabInstance: {fileID: 0}
  m_PrefabAsset: {fileID: 0}
  m_GameObject: {fileID: 7605540960154483816}
  m_LocalRotation: {x: -0.000000059604645, y: 2.8686209e-15, z: -4.7885182e-23, w: 1}
  m_LocalPosition: {x: -0.5970813, y: -0.1251092, z: 0.38124457}
  m_LocalScale: {x: 10.248158, y: 10.248158, z: 6.532874}
  m_Children: []
  m_Father: {fileID: 7605540960154903008}
  m_RootOrder: 3
  m_LocalEulerAnglesHint: {x: 0, y: 0, z: 0}
--- !u!33 &7605540960151478398
MeshFilter:
  m_ObjectHideFlags: 0
  m_CorrespondingSourceObject: {fileID: 0}
  m_PrefabInstance: {fileID: 0}
  m_PrefabAsset: {fileID: 0}
  m_GameObject: {fileID: 7605540960154483816}
  m_Mesh: {fileID: 4300188, guid: baed7ab38358ab24a9a2fb93fb3fee7b, type: 3}
--- !u!23 &7605540960152478270
MeshRenderer:
  m_ObjectHideFlags: 0
  m_CorrespondingSourceObject: {fileID: 0}
  m_PrefabInstance: {fileID: 0}
  m_PrefabAsset: {fileID: 0}
  m_GameObject: {fileID: 7605540960154483816}
  m_Enabled: 1
  m_CastShadows: 1
  m_ReceiveShadows: 1
  m_DynamicOccludee: 1
  m_MotionVectors: 1
  m_LightProbeUsage: 1
  m_ReflectionProbeUsage: 1
  m_RayTracingMode: 2
  m_RenderingLayerMask: 1
  m_RendererPriority: 0
  m_Materials:
  - {fileID: 2100220, guid: baed7ab38358ab24a9a2fb93fb3fee7b, type: 3}
  - {fileID: 2100222, guid: baed7ab38358ab24a9a2fb93fb3fee7b, type: 3}
  m_StaticBatchInfo:
    firstSubMesh: 0
    subMeshCount: 0
  m_StaticBatchRoot: {fileID: 0}
  m_ProbeAnchor: {fileID: 0}
  m_LightProbeVolumeOverride: {fileID: 0}
  m_ScaleInLightmap: 1
  m_ReceiveGI: 1
  m_PreserveUVs: 0
  m_IgnoreNormalsForChartDetection: 0
  m_ImportantGI: 0
  m_StitchLightmapSeams: 0
  m_SelectedEditorRenderState: 3
  m_MinimumChartSize: 4
  m_AutoUVMaxDistance: 0.5
  m_AutoUVMaxAngle: 89
  m_LightmapParameters: {fileID: 0}
  m_SortingLayerID: 0
  m_SortingLayer: 0
  m_SortingOrder: 0
--- !u!1 &7605540960154483826
GameObject:
  m_ObjectHideFlags: 0
  m_CorrespondingSourceObject: {fileID: 0}
  m_PrefabInstance: {fileID: 0}
  m_PrefabAsset: {fileID: 0}
  serializedVersion: 6
  m_Component:
  - component: {fileID: 7605540960154902610}
  - component: {fileID: 7605540960151478392}
  - component: {fileID: 7605540960152478264}
  m_Layer: 0
  m_Name: Sphere.019
  m_TagString: Untagged
  m_Icon: {fileID: 0}
  m_NavMeshLayer: 0
  m_StaticEditorFlags: 0
  m_IsActive: 1
--- !u!4 &7605540960154902610
Transform:
  m_ObjectHideFlags: 0
  m_CorrespondingSourceObject: {fileID: 0}
  m_PrefabInstance: {fileID: 0}
  m_PrefabAsset: {fileID: 0}
  m_GameObject: {fileID: 7605540960154483826}
  m_LocalRotation: {x: -0.000000059604645, y: 2.8686209e-15, z: -4.7885182e-23, w: 1}
  m_LocalPosition: {x: -0.5970813, y: -0.12510933, z: -0.3706604}
  m_LocalScale: {x: 10.248158, y: 10.248158, z: 6.532874}
  m_Children: []
  m_Father: {fileID: 7605540960154903008}
  m_RootOrder: 0
  m_LocalEulerAnglesHint: {x: 0, y: 0, z: 0}
--- !u!33 &7605540960151478392
MeshFilter:
  m_ObjectHideFlags: 0
  m_CorrespondingSourceObject: {fileID: 0}
  m_PrefabInstance: {fileID: 0}
  m_PrefabAsset: {fileID: 0}
  m_GameObject: {fileID: 7605540960154483826}
  m_Mesh: {fileID: 4300194, guid: baed7ab38358ab24a9a2fb93fb3fee7b, type: 3}
--- !u!23 &7605540960152478264
MeshRenderer:
  m_ObjectHideFlags: 0
  m_CorrespondingSourceObject: {fileID: 0}
  m_PrefabInstance: {fileID: 0}
  m_PrefabAsset: {fileID: 0}
  m_GameObject: {fileID: 7605540960154483826}
  m_Enabled: 1
  m_CastShadows: 1
  m_ReceiveShadows: 1
  m_DynamicOccludee: 1
  m_MotionVectors: 1
  m_LightProbeUsage: 1
  m_ReflectionProbeUsage: 1
  m_RayTracingMode: 2
  m_RenderingLayerMask: 1
  m_RendererPriority: 0
  m_Materials:
  - {fileID: 2100220, guid: baed7ab38358ab24a9a2fb93fb3fee7b, type: 3}
  - {fileID: 2100222, guid: baed7ab38358ab24a9a2fb93fb3fee7b, type: 3}
  m_StaticBatchInfo:
    firstSubMesh: 0
    subMeshCount: 0
  m_StaticBatchRoot: {fileID: 0}
  m_ProbeAnchor: {fileID: 0}
  m_LightProbeVolumeOverride: {fileID: 0}
  m_ScaleInLightmap: 1
  m_ReceiveGI: 1
  m_PreserveUVs: 0
  m_IgnoreNormalsForChartDetection: 0
  m_ImportantGI: 0
  m_StitchLightmapSeams: 0
  m_SelectedEditorRenderState: 3
  m_MinimumChartSize: 4
  m_AutoUVMaxDistance: 0.5
  m_AutoUVMaxAngle: 89
  m_LightmapParameters: {fileID: 0}
  m_SortingLayerID: 0
  m_SortingLayer: 0
  m_SortingOrder: 0
--- !u!1 &7605540960154483828
GameObject:
  m_ObjectHideFlags: 0
  m_CorrespondingSourceObject: {fileID: 0}
  m_PrefabInstance: {fileID: 0}
  m_PrefabAsset: {fileID: 0}
  serializedVersion: 6
  m_Component:
  - component: {fileID: 7605540960154902612}
  - component: {fileID: 7605540960151478394}
  - component: {fileID: 7605540960152478266}
  m_Layer: 0
  m_Name: Sphere.020
  m_TagString: Untagged
  m_Icon: {fileID: 0}
  m_NavMeshLayer: 0
  m_StaticEditorFlags: 0
  m_IsActive: 1
--- !u!4 &7605540960154902612
Transform:
  m_ObjectHideFlags: 0
  m_CorrespondingSourceObject: {fileID: 0}
  m_PrefabInstance: {fileID: 0}
  m_PrefabAsset: {fileID: 0}
  m_GameObject: {fileID: 7605540960154483828}
  m_LocalRotation: {x: -0.000000059604645, y: 2.8686209e-15, z: -4.7885182e-23, w: 1}
  m_LocalPosition: {x: 0.5463327, y: -0.12510933, z: -0.37066025}
  m_LocalScale: {x: 10.248158, y: 10.248158, z: 6.532874}
  m_Children: []
  m_Father: {fileID: 7605540960154903008}
  m_RootOrder: 1
  m_LocalEulerAnglesHint: {x: 0, y: 0, z: 0}
--- !u!33 &7605540960151478394
MeshFilter:
  m_ObjectHideFlags: 0
  m_CorrespondingSourceObject: {fileID: 0}
  m_PrefabInstance: {fileID: 0}
  m_PrefabAsset: {fileID: 0}
  m_GameObject: {fileID: 7605540960154483828}
  m_Mesh: {fileID: 4300192, guid: baed7ab38358ab24a9a2fb93fb3fee7b, type: 3}
--- !u!23 &7605540960152478266
MeshRenderer:
  m_ObjectHideFlags: 0
  m_CorrespondingSourceObject: {fileID: 0}
  m_PrefabInstance: {fileID: 0}
  m_PrefabAsset: {fileID: 0}
  m_GameObject: {fileID: 7605540960154483828}
  m_Enabled: 1
  m_CastShadows: 1
  m_ReceiveShadows: 1
  m_DynamicOccludee: 1
  m_MotionVectors: 1
  m_LightProbeUsage: 1
  m_ReflectionProbeUsage: 1
  m_RayTracingMode: 2
  m_RenderingLayerMask: 1
  m_RendererPriority: 0
  m_Materials:
  - {fileID: 2100220, guid: baed7ab38358ab24a9a2fb93fb3fee7b, type: 3}
  - {fileID: 2100222, guid: baed7ab38358ab24a9a2fb93fb3fee7b, type: 3}
  m_StaticBatchInfo:
    firstSubMesh: 0
    subMeshCount: 0
  m_StaticBatchRoot: {fileID: 0}
  m_ProbeAnchor: {fileID: 0}
  m_LightProbeVolumeOverride: {fileID: 0}
  m_ScaleInLightmap: 1
  m_ReceiveGI: 1
  m_PreserveUVs: 0
  m_IgnoreNormalsForChartDetection: 0
  m_ImportantGI: 0
  m_StitchLightmapSeams: 0
  m_SelectedEditorRenderState: 3
  m_MinimumChartSize: 4
  m_AutoUVMaxDistance: 0.5
  m_AutoUVMaxAngle: 89
  m_LightmapParameters: {fileID: 0}
  m_SortingLayerID: 0
  m_SortingLayer: 0
  m_SortingOrder: 0
--- !u!1 &7605540960154483830
GameObject:
  m_ObjectHideFlags: 0
  m_CorrespondingSourceObject: {fileID: 0}
  m_PrefabInstance: {fileID: 0}
  m_PrefabAsset: {fileID: 0}
  serializedVersion: 6
  m_Component:
  - component: {fileID: 7605540960154902614}
  - component: {fileID: 7605540960151478396}
  - component: {fileID: 7605540960152478268}
  m_Layer: 0
  m_Name: Sphere.021
  m_TagString: Untagged
  m_Icon: {fileID: 0}
  m_NavMeshLayer: 0
  m_StaticEditorFlags: 0
  m_IsActive: 1
--- !u!4 &7605540960154902614
Transform:
  m_ObjectHideFlags: 0
  m_CorrespondingSourceObject: {fileID: 0}
  m_PrefabInstance: {fileID: 0}
  m_PrefabAsset: {fileID: 0}
  m_GameObject: {fileID: 7605540960154483830}
  m_LocalRotation: {x: -0.000000059604645, y: 2.8686209e-15, z: -4.7885182e-23, w: 1}
  m_LocalPosition: {x: 0.5463327, y: -0.1251092, z: 0.38124466}
  m_LocalScale: {x: 10.248158, y: 10.248158, z: 6.532874}
  m_Children: []
  m_Father: {fileID: 7605540960154903008}
  m_RootOrder: 2
  m_LocalEulerAnglesHint: {x: 0, y: 0, z: 0}
--- !u!33 &7605540960151478396
MeshFilter:
  m_ObjectHideFlags: 0
  m_CorrespondingSourceObject: {fileID: 0}
  m_PrefabInstance: {fileID: 0}
  m_PrefabAsset: {fileID: 0}
  m_GameObject: {fileID: 7605540960154483830}
  m_Mesh: {fileID: 4300190, guid: baed7ab38358ab24a9a2fb93fb3fee7b, type: 3}
--- !u!23 &7605540960152478268
MeshRenderer:
  m_ObjectHideFlags: 0
  m_CorrespondingSourceObject: {fileID: 0}
  m_PrefabInstance: {fileID: 0}
  m_PrefabAsset: {fileID: 0}
  m_GameObject: {fileID: 7605540960154483830}
  m_Enabled: 1
  m_CastShadows: 1
  m_ReceiveShadows: 1
  m_DynamicOccludee: 1
  m_MotionVectors: 1
  m_LightProbeUsage: 1
  m_ReflectionProbeUsage: 1
  m_RayTracingMode: 2
  m_RenderingLayerMask: 1
  m_RendererPriority: 0
  m_Materials:
  - {fileID: 2100220, guid: baed7ab38358ab24a9a2fb93fb3fee7b, type: 3}
  - {fileID: 2100222, guid: baed7ab38358ab24a9a2fb93fb3fee7b, type: 3}
  m_StaticBatchInfo:
    firstSubMesh: 0
    subMeshCount: 0
  m_StaticBatchRoot: {fileID: 0}
  m_ProbeAnchor: {fileID: 0}
  m_LightProbeVolumeOverride: {fileID: 0}
  m_ScaleInLightmap: 1
  m_ReceiveGI: 1
  m_PreserveUVs: 0
  m_IgnoreNormalsForChartDetection: 0
  m_ImportantGI: 0
  m_StitchLightmapSeams: 0
  m_SelectedEditorRenderState: 3
  m_MinimumChartSize: 4
  m_AutoUVMaxDistance: 0.5
  m_AutoUVMaxAngle: 89
  m_LightmapParameters: {fileID: 0}
  m_SortingLayerID: 0
  m_SortingLayer: 0
  m_SortingOrder: 0
